 Dungeon Crawl Stone Soup version 0.25-a0-1126-g5fd7b56c60 (webtiles) character file.

Game seed: 2298246926317542961, levelgen mode: deterministic

1190 Maedhros the Insei (level 8, -6/52 HPs)
             Began as an Octopode Artificer on May 19, 2020.
             Was an Elder of Cheibriados.
             Mangled by Harold
             ... wielding a +0 long sword
              (20 damage)
             ... on level 7 of the Dungeon.
             The game lasted 00:11:33 (2283 turns).

Maedhros the Insei (Octopode Artificer)             Turns: 2283, Time: 00:11:34

Health: -6/52      AC:  1    Str: 32    XL:     8   Next: 43%
Magic:  10/10      EV: 16    Int: 22    God:    Cheibriados [****..]
Gold:   228        SH:  0    Dex: 24    Spells: 5/7 levels left

rFire    . . .     SeeInvis .     - Unarmed
rCold    . . .     Gourm    .   (no shield)
rNeg     . . .     Faith    .   (helmet restricted)
rPois    .         Spirit   .   n - amulet of magic regeneration
rElec    .         Reflect  .   a - +6 ring of strength
rCorr    .         Harm     .   t - +6 ring of strength
MR       .....                  u - ring of stealth
Stlth    +++++.....             (no ring)
HPRegen  0.17/turn              (no ring)
MPRegen  0.37/turn              (no ring)
                                (no ring)
                                (no ring)

@: marked, very slow
A: almost no armour, stealthy swim, amphibious, 8 rings, constrict 8, camouflage
1, mutation resistance 1, gelatinous body 1
a: Bend Time, Temporal Distortion, Slouch, Renounce Religion


You were on level 7 of the Dungeon.
You worshipped Cheibriados.
Cheibriados was greatly pleased with you.
You were not hungry.

You visited 2 branches of the dungeon, and saw 8 of its levels.
You also visited: Ossuary.

You collected 228 gold pieces.

Inventory:

Missiles
 l - 24 poisoned darts (quivered)
Jewellery
 a - a +6 ring of strength (left tentacle)
 n - an amulet of magic regeneration (around mantle)
 t - a +6 ring of strength (right tentacle)
 u - a ring of stealth (on tentacle)
Wands
 c - a wand of enslavement (5)
 d - a wand of random effects (14)
Scrolls
 b - 2 scrolls of magic mapping
 g - 7 scrolls of remove curse
 q - a scroll of holy word {unknown}
 r - 5 scrolls of teleportation
 s - 2 scrolls of identify
 v - a scroll of immolation
 w - a scroll of amnesia {unknown}
Potions
 e - 4 potions of mutation
 h - a potion of lignification {unknown}
 i - a potion of stabbing {unknown}
 j - a potion of curing
 k - 5 potions of might
 m - 3 potions of heal wounds {unknown}
 o - 2 potions of flight {unknown}
 p - 2 potions of haste {unknown}
Comestibles
 f - 10 rations


   Skills:
 + Level 3.5 Fighting
   Level 1.0 Short Blades
 + Level 4.0 Dodging
 - Level 4.0 Stealth
 + Level 7.2 Unarmed Combat
 + Level 1.8 Summonings
 + Level 2.0 Invocations
 - Level 3.2 Evocations


You had 5 spell levels left.
You knew the following spells:

 Your Spells              Type           Power        Failure   Level  Hunger
a - Call Imp              Summ           #.......     12%         2    ###....

Your spell library contained the following spells:

 Spells                   Type           Power        Failure   Level  Hunger
 Magic Dart               Conj           #...         17%         1    ##.....
 Blink                    Tloc           N/A          26%         2    ###....
 Slow                     Hex            #.......     26%         2    ###....
 Conjure Flame            Conj/Fire      #.......     45%         3    ####...
 Mephitic Cloud           Conj/Pois/Air  #.......     45%         3    ####...


Dungeon Overview and Level Annotations

Branches:
Dungeon (7/15)             Temple (1/1) D:4         Ossuary (visited)

Altars:
Ashenzari
Cheibriados
Elyvilon
Fedhas
Gozag
Kikubaaqudgha
Makhleb
Nemelex Xobeh
Okawaru
Qazlal
Ru
Trog
Uskayaw
Vehumet
Wu Jian
Xom
Zin

Annotations:
D:7 Harold


Innate Abilities, Weirdness & Mutations

You cannot wear most types of armour.
You are very stealthy in the water. (Stealth+)
You are amphibious.
You can wear up to eight rings at the same time.
You can use your tentacles to constrict eight enemies at once.
Your skin changes colour to match your surroundings (Stealth+).
Your rubbery body absorbs attacks. (AC +1, EV +1)
You are somewhat resistant to further mutation.


Message History

You tentacle-slap Harold. You squeeze Harold, but do no damage.
Harold is moderately wounded.
You constrict Harold.
Evoke which item? (* to show all) (? for menu, Esc to quit)
Aiming: Enslavement
Press: ? - help, Shift-Dir - straight line, f - Harold
Aim: Harold, wielding a +0 long sword, wearing a +0 ring mail and quivering a throwing net (moderately wounded, constricted by you, chance to defeat MR: 22%)
Okay, then.
You tentacle-slap Harold but do no damage.
You squeeze Harold, but do no damage.
Harold is moderately wounded.
You constrict Harold. Harold closely misses you.
You tentacle-slap Harold.
You tentacle-slap Harold, but do no damage.
You squeeze Harold.
Harold is heavily wounded.
You constrict Harold. Harold hits you with a +0 long sword!
* * * LOW HITPOINT WARNING * * *
You feel better.
You constrict Harold. Harold hits you with a +0 long sword!!
You die...

############.
#............
#..........#
#..<..@...##
#..<.@.....#
#..........#
#(..$......#
#...........#
###########.#
#


You could see Harold.

Vanquished Creatures
  Grinder (D:5)
  A black bear (D:6)
  A phantom (D:4)
  3 ogres (D:4)
  A scorpion (D:5)
  3 centaur zombies (Ossuary)
  A jelly (D:4)
  2 orc wizards (D:5)
  A worker ant (D:5)
  A big kobold zombie (Ossuary)
  A hound skeleton (D:5)
  5 mummies
  Robin (D:2)
  5 adders
  4 river rats (D:3)
  2 shadow imps
  2 adder zombies (Ossuary)
  5 worms
  2 dart slugs
  3 leopard geckos (D:2)
  11 orcs
  3 giant cockroaches
  A gnoll zombie (Ossuary)
  8 goblins (D:2)
  5 hobgoblins
  6 jackals (D:3)
  5 kobolds
  A quokka (D:3)
  3 ball pythons
  6 bats
  4 frilled lizards
  4 goblin zombies (Ossuary)
  2 hobgoblin zombies (Ossuary)
  7 kobold zombies (Ossuary)
  A leopard gecko skeleton (D:5)
  3 quokka zombies (Ossuary)
  4 rats
  3 rat zombies (Ossuary)
122 creatures vanquished.

Vanquished Creatures (collateral kills)
  A centaur zombie (Ossuary)
  An ogre zombie (Ossuary)
  2 mummies (Ossuary)
4 creatures vanquished.

Vanquished Creatures (others)
  A mummy (Ossuary)
1 creature vanquished.

Grand Total: 127 creatures vanquished

Notes
Turn   | Place    | Note
-------+----------+-------------------------------------------
     0 | D:1      | Maedhros the Octopode Artificer began the quest for the
                  | Orb.
     0 | D:1      | Reached XP level 1. HP: 13/13 MP: 3/3
   173 | D:3      | Reached XP level 2. HP: 18/18 MP: 4/4
   283 | D:4      | Noticed a phantom
   301 | D:4      | Killed a phantom
   301 | D:4      | Reached skill level 3 in Unarmed Combat
   301 | D:4      | Reached XP level 3. HP: 20/23 MP: 5/5
   301 | D:4      | Reached XP level 4. HP: 24/28 MP: 6/6
   367 | D:4      | Found a staircase to the Ecumenical Temple.
   375 | Temple   | Entered the Ecumenical Temple
   400 | Temple   | Became a worshipper of Cheibriados the Contemplative
   447 | D:4      | Noticed an ogre
   457 | D:4      | Killed an ogre
   457 | D:4      | Reached skill level 4 in Unarmed Combat
   457 | D:4      | Reached XP level 5. HP: 33/33 MP: 7/7
   473 | D:4      | Found a stormy altar of Qazlal.
   529 | D:4      | Noticed an ogre
   538 | D:4      | Killed an ogre
   538 | D:4      | Reached skill level 5 in Unarmed Combat
   538 | D:4      | Reached XP level 6. HP: 27/38 MP: 8/8
   563 | D:4      | Reached skill level 6 in Unarmed Combat
   659 | D:4      | Found a sand-covered staircase.
   666 | Ossuary  | Entered an ossuary
   721 | Ossuary  | Gained mutation: You are somewhat resistant to further
                  | mutation. [potion of mutation]
   847 | Ossuary  | Reached XP level 7. HP: 23/43 MP: 9/9
   858 | Ossuary  | Reached * piety under Cheibriados
  1243 | D:3      | Reached ** piety under Cheibriados
  1268 | D:2      | Noticed Robin
  1296 | D:2      | Killed Robin
  1590 | D:2      | Reached *** piety under Cheibriados
  1599 | D:2      | Found a sacrificial altar of Ru.
  1623 | D:2      | Found an iron altar of Okawaru.
  1935 | D:5      | Entered Level 5 of the Dungeon
  1968 | D:5      | Learned a level 2 spell: Call Imp
  1985 | D:5      | Reached XP level 8. HP: 51/52 MP: 10/10
  2017 | D:5      | Noticed Grinder
  2023 | D:5      | Killed Grinder
  2023 | D:5      | Reached skill level 7 in Unarmed Combat
  2023 | D:5      | Reached skill level 1 in Summonings
  2023 | D:5      | Reached skill level 1 in Invocations
  2024 | D:5      | Reached **** piety under Cheibriados
  2084 | D:5      | Found a shimmering altar of Xom.
  2085 | D:5      | Found a shattered altar of Ashenzari.
  2276 | D:7      | Noticed Harold
  2283 | D:7      | Mangled by Harold

Illustrated notes

Levels and vault maps discovered:
D:1:      eino_arrival_cavern_e, layout_loops_ring
D:2:      layout_basic, nicolae_ru_awakened_eye, okawaru_metal_pillars_1_2,
          uniq_robin
D:3:      minmay_evil_eye, layout_rooms, first_ration,
          lightli_sewer_entry_pipes, st_stairs_7
D:4:      layout_loops_cross, kennysheep_mini_moat, minmay_temple_entry_arrows,
          gup_ossuary_entry_pyramid
D:5:      layout_rooms, lemuel_doored_altar, gammafunk_temple_overflow_statue,
          marbit_many_paths, uniq_grinder
D:6:      black_bear_nest_2, layout_loops_corners
D:7:      layout_rooms, uniq_harold, uniq_menkaure
Temple:   minmay_temple_bridge_abc

Skill      XL: |  1  2  3  4  5  6  7  8 |
---------------+-------------------------+-----
Stealth        | 2 4 |  4.0
Unarmed Combat | 3 4 5 6 7 |  7.2
Fighting       | 3 |  3.5
Dodging        | 3 4 |  4.0
Summonings     | 1 |  1.8
Invocations    | 2 |  2.0
Short Blades   | |  1.0
Evocations     | |  3.2

Action                   |  1- 3 |  4- 6 |  7- 9 || total
-------------------------+-------+-------+-------++-------
Melee: Short sword       |    26 |     8 |       ||    34
       Constrict         |     4 |     6 |    52 ||    62
       Tentacles         |     4 |     8 |    50 ||    62
       Punch             |       |     4 |    15 ||    19
       Unarmed           |       |    24 |   154 ||   178
Evoke: Wand              |     1 |    22 |     3 ||    26
  Use: Scroll            |       |     5 |     5 ||    10
       Potion            |       |     1 |     1 ||     2
 Stab: Sleeping          |     2 |     9 |    22 ||    33
       Paralysed         |     5 |       |       ||     5
       Distracted        |       |     1 |       ||     1
       Betrayed ally     |       |       |     1 ||     1
  Eat: Chunk             |       |       |     3 ||     3
Armor: Skin              |     1 |     1 |     6 ||     8
Dodge: Dodged            |    11 |    10 |    73 ||    94

Table legend:
 A = Non-vault XP
 B = Vault XP
 C = Vault XP percentage of total XP
 D = Non-vault monster count
 E = Vault monster count
 F = Vault count percentage of total count
                 A         B        C        D         E       F
            +---------+---------+-------+---------+---------+-------
      Total |     882 |     818 |  48.1 |      65 |      61 |  48.4
            +---------+---------+-------+---------+---------+-------
        D:1 |      17 |       0 |   0.0 |       9 |       0 |   0.0
        D:2 |      39 |      34 |  46.6 |      12 |      11 |  47.8
        D:3 |      62 |      99 |  61.5 |      24 |      13 |  35.1
        D:4 |     525 |      18 |   3.3 |       8 |       1 |  11.1
        D:5 |     226 |     262 |  53.7 |      11 |       1 |   8.3
        D:6 |      13 |     136 |  91.3 |       1 |       1 |  50.0
    Ossuary |       0 |     269 | 100.0 |       0 |      34 | 100.0
            +---------+---------+-------+---------+---------+-------
